 Dungeon Crawl Stone Soup version 0.22.1-2-g9c5b331383 (webtiles) character file.

1175 Honti the Destroyer (level 8, 41/41 HPs)
             Began as a Deep Elf Conjurer on Dec 15, 2018.
             Was a Follower of Vehumet.
             Quit the game on level 6 of the Dungeon on Dec 20, 2018.
             The game lasted 00:39:16 (7562 turns).

Honti the Destroyer (Deep Elf Conjurer)             Turns: 7562, Time: 00:39:16

Health: 41/41      AC:  3    Str:  5    XL:     8   Next: 18%
Magic:  20/20      EV: 17    Int: 23    God:    Vehumet [*.....]
Gold:   279        SH:  0    Dex: 19    Spells: 10/20 levels left

rFire    . . .     SeeInvis .   n - +2 short sword (holy)
rCold    . . .     Gourm    .   (no shield)
rNeg     . . .     Faith    .   a - +0 robe
rPois    .         Spirit   .   g - +0 helmet
rElec    .         Reflect  .   (no cloak)
rCorr    .         Harm     .   (no gloves)
MR       .....                  (no boots)
Stlth    ++........             (no amulet)
HPRegen  0.13/turn              q - +4 ring of dexterity
MPRegen  0.17/turn              (no ring)

@: no status effects
A: no striking features
a: Renounce Religion


You were on level 6 of the Dungeon.
You worshipped Vehumet.
Vehumet was aware of your devotion.
You were not hungry.

You visited 2 branches of the dungeon, and saw 7 of its levels.

You collected 279 gold pieces.

Inventory:

Hand Weapons
 n - a +2 short sword of holy wrath (weapon)
Armour
 a - a +0 robe (worn)
 g - a +0 helmet (worn)
Jewellery
 q - a +4 ring of dexterity (left hand)
Wands
 l - a wand of digging (5)
Scrolls
 e - a scroll of enchant armour {unknown}
 f - a scroll of remove curse
 h - a scroll of immolation {unknown}
 j - 2 scrolls of random uselessness {unknown}
 k - a scroll of magic mapping {unknown}
 m - a scroll of teleportation {unknown}
 p - a scroll of amnesia {unknown}
 t - a scroll of blinking {unknown}
 v - 3 scrolls of acquirement {unknown}
Potions
 b - a potion of flight
 d - a potion of magic {unknown}
 i - a potion of invisibility
 o - a potion of berserk rage
 r - a potion of heal wounds
 u - a potion of curing
 w - a potion of resistance {unknown}
Comestibles
 c - 7 rations


   Skills:
 + Level 6.0 Dodging
 - Level 2.4 Stealth
 + Level 6.7 Spellcasting
 * Level 8.5 Conjurations
 + Level 3.6 Hexes


You had 10 spell levels left.
You knew the following spells:

 Your Spells              Type           Power        Failure   Level  Hunger
a - Magic Dart            Conj           ####         1%          1    None
b - Searing Ray           Conj           #####.       1%          2    None
c - Dazzling Spray        Conj/Hex       #####.       1%          3    None
d - Iskenderun's Mystic   Conj           #####...     2%          4    ###....

Your spell library contained the following spells:

 Spells                   Type           Power        Failure   Level  Hunger
 Shock                    Conj/Air       ####         1%          1    None
 Fulminant Prism          Conj/Hex       #####.....   7%          4    ###....
 Force Lance              Conj/Tloc      ####....     14%         4    ###....


Dungeon Overview and Level Annotations

Branches:
Dungeon (6/15)             Temple (1/1) D:4

Altars:
Ashenzari
Cheibriados
Dithmenos
Elyvilon
Fedhas
Gozag
Hepliaklqana
Kikubaaqudgha
Makhleb
Nemelex Xobeh
Qazlal
Ru
Sif Muna
Trog
Uskayaw
Vehumet
Wu Jian
Xom
Yredelemnul
The Shining One


Message History

Press: ? - help, Shift-Dir - straight line, f/p - leopard gecko skeleton
Aim: a leopard gecko skeleton (heavily damaged)
The magic dart hits the leopard gecko skeleton.
You destroy the leopard gecko skeleton!
Vehumet accepts your kill.
You start resting.
Magic restored.
Some of the chunks of flesh in your inventory have rotted away.
All of the chunks of flesh in your inventory have rotted away.
Found a scale mail.
Found a long sword.
Save game and exit?
Welcome back, Honti the Deep Elf Conjurer.
Vehumet says: Let it end in hellfire!
Press ? for a list of commands and other information.
Save game and exit?
Okay, then.
Quiver which item? (- for none, * to show all) (? for menu, Esc to quit)
Okay, then.
Are you sure you want to abandon this character and quit the game? (Confirm

##.....# #..#
##....## #..# #.
#...[.## #..# ##.
#......# #.)#
#[..
##..###..###..#
#...####..#
#...##.(#
#........#
##......#
#......##
#....###
##...@.## ###.###
#......#####..##
#..###....#.....#
#.. ###........#
#. #....###..# #%
##....# #..# )
##.....# #..#
##..###.# #..#
##..## #.# #..


There were no monsters in sight!

Vanquished Creatures
  Sigmund (D:5)
  2 ogres (D:4)
  2 centaurs (D:5)
  A gnoll sergeant (D:5)
  2 scorpions
  A crimson imp (D:5)
  3 orc priests
  2 orc wizards
  3 worker ants
  A worker ant zombie (D:5)
  6 gnolls
  7 adders
  2 oozes (D:1)
  An adder skeleton (D:5)
  4 worms
  2 dart slugs
  A leopard gecko (D:2)
  12 orcs
  13 bats
  5 giant cockroaches
  14 goblins
  10 hobgoblins
  6 jackals
  4 quokkas
  A frilled lizard (D:2)
  A jackal skeleton (D:5)
  4 kobolds
  A leopard gecko skeleton (D:6)
  5 rats
117 creatures vanquished.

Notes
Turn   | Place    | Note
-------+----------+-------------------------------------------
     0 | D:1      | Honti the Deep Elf Conjurer began the quest for the Orb.
     0 | D:1      | Reached XP level 1. HP: 10/10 MP: 6/6
   213 | D:1      | Reached XP level 2. HP: 8/15 MP: 0/8
   591 | D:1      | Learned a level 2 spell: Searing Ray
   632 | D:1      | Reached skill level 5 in Conjurations
   632 | D:1      | Reached XP level 3. HP: 19/19 MP: 5/10
  1247 | D:2      | Found a faded altar of an unknown god.
  1259 | D:2      | Reached XP level 4. HP: 24/24 MP: 8/11
  1364 | D:2      | You fall through a shaft for 2 floors!
  1422 | D:4      | Noticed an ogre
  1437 | D:4      | Killed an ogre
  1437 | D:4      | Reached XP level 5. HP: 28/28 MP: 6/13
  1603 | D:4      | Reached skill level 6 in Conjurations
  1813 | D:2      | Found a deep blue altar of Sif Muna.
  3008 | D:2      | Reached XP level 6. HP: 32/32 MP: 10/15
  3186 | D:3      | Learned a level 3 spell: Dazzling Spray
  3562 | D:3      | Found a snail-covered altar of Cheibriados.
  3680 | D:4      | Learned a level 4 spell: Iskenderun's Mystic Blast
  4045 | D:4      | Found a staircase to the Ecumenical Temple.
  4054 | D:4      | Reached skill level 5 in Spellcasting
  4191 | Temple   | Entered the Ecumenical Temple
  4264 | Temple   | Became a worshipper of Vehumet
  4451 | D:4      | Found an ancient bone altar of Kikubaaqudgha.
  4452 | D:4      | Found a stormy altar of Qazlal.
  4456 | D:4      | Found a blossoming altar of Fedhas.
  4744 | D:4      | Reached skill level 7 in Conjurations
  4961 | D:5      | Entered Level 5 of the Dungeon
  5408 | D:5      | Reached skill level 5 in Dodging
  5408 | D:5      | Reached XP level 7. HP: 36/36 MP: 13/17
  5451 | D:5      | Reached skill level 1 in Hexes
  5611 | D:5      | Noticed a hand axe
  5612 | D:5      | Noticed a hand axe
  5663 | D:5      | Found a hide-covered altar of Uskayaw.
  5891 | D:5      | Found a sparkling altar of Nemelex Xobeh.
  5960 | D:5      | Noticed Sigmund
  6103 | D:5      | Killed Sigmund
  6103 | D:5      | Reached skill level 8 in Conjurations
  6103 | D:5      | Reached XP level 8. HP: 39/41 MP: 3/19
  6488 | D:5      | Reached * piety under Vehumet
  6488 | D:5      | Offered knowledge of Shock by Vehumet.
  7464 | D:6      | Found a sparkling altar of Nemelex Xobeh.
  7562 | D:6      | Quit the game

Skill      XL: |  1  2  3  4  5  6  7  8 |
---------------+-------------------------+-----
Dodging        | 3 4 5 6 |  6.0
Conjurations   | 5 6 7 8 |  8.5
Spellcasting   | 4 5 6 |  6.7
Hexes          | 3 |  3.6
Stealth        | |  2.4

Action                   |  1- 3 |  4- 6 |  7- 9 || total
-------------------------+-------+-------+-------++-------
Melee: Dagger            |    12 |       |       ||    12
       Short sword       |       |    58 |       ||    58
 Cast: Magic Dart        |    59 |    69 |    36 ||   164
       Searing Ray       |     3 |    15 |    10 ||    28
       Dazzling Spray    |       |     2 |     1 ||     3
       Iskenderun's Myst |       |     1 |     7 ||     8
  Use: Scroll            |       |    10 |       ||    10
 Stab: Sleeping          |     3 |     3 |       ||     6
  Eat: Chunk             |     1 |    10 |     7 ||    18
       Ration            |       |     1 |       ||     1
Armor: Robe              |    14 |    16 |       ||    30
Dodge: Dodged            |    39 |    62 |    20 ||   121
